 Seeded DCSS version 0.27.1-34-g3ba077fa99 (webtiles) character file.

Game seed: 74894893043 (custom seed)

94 lonewolfV2 the Skirmisher (level 4, 0/41 HPs)
             Began as a Minotaur Fighter on Jan 6, 2022.
             Slain by Grinder (8 damage)
             ... on level 3 of the Dungeon.
             The game lasted 00:04:57 (1910 turns).

lonewolfV2 the Skirmisher (Minotaur Fighter)        Turns: 1910, Time: 00:04:57

Health: 0/41       AC: 18    Str: 22    XL:     4   Next: 38%
Magic:  3/3        EV:  7    Int:  5    God:
Gold:   109        SH:  9    Dex:  9    Spells: 3/3 levels left

rFire    . . .     SeeInvis .   a - +0 war axe
rCold    . . .     Faith    .   c - +0 kite shield
rNeg     . . .     Spirit   .   j - +4 scale mail
rPois    +         Reflect  .   (helmet restricted)
rElec    .         Harm     .   i - +2 cloak
rCorr    .         Rampage  .   (no gloves)
Will     .....                  (no boots)
Stlth    ..........             (no amulet)
HPRegen  0.13/turn              e - ring of poison resistance
MPRegen  0.08/turn              g - +4 ring of protection

@: no status effects
A: horns 2, retaliatory headbutt
a: no special abilities


You were on level 3 of the Dungeon.
You visited 1 branch of the dungeon, and saw 4 of its levels.

You collected 109 gold pieces.

Inventory:

Hand Weapons
 a - a +0 war axe (weapon)
Armour
 b - a +0 scale mail
 c - a +0 kite shield (worn)
 i - a +2 cloak (worn)
 j - a +4 scale mail (worn)
Jewellery
 e - a ring of poison resistance (left hand)
 g - a +4 ring of protection (right hand)
Scrolls
 l - a scroll of identify {unknown}
 m - 2 scrolls of teleportation {unknown}
Potions
 d - a potion of might
 f - a potion of haste {unknown}
 h - a potion of curing {unknown}
 k - a potion of lignification {unknown}


   Skills:
 + Level 4.5 Fighting
 + Level 3.5 Axes
 + Level 4.3 Armour
 + Level 0.4 Dodging
 + Level 4.3 Shields


You had 3 spell levels left.
You didn't know any spells.
Your spell library contained the following spells:

 Spells                   Type           Power      Damage    Failure   Level
 Beastly Appendage        Tmut           0%         N/A       99%         1
 Freeze                   Ice            0%         1d3       99%         1
 Wereblood                Tmut           0%         N/A       100%        2
 Frozen Ramparts          Ice            0%         1d2       100%        3
 Spider Form              Tmut/Pois      0%         N/A       100%        3
 Hailstorm                Conj/Ice       0%         3d3       100%        4


Dungeon Overview and Level Annotations

Branches:
Dungeon (4/15)
 Temple: D:4-7

Altars:

Annotations:
D:3 Grinder


Innate Abilities, Weirdness & Mutations

You have a pair of horns on your head.
You reflexively headbutt those who attack you in melee.


Message History

The kobold hits you with a +0 dagger.
Grinder blinks!
The kobold hits you but does no damage.
The kobold hits you but does no damage. x2
You can move again.
You barely miss the kobold. You block the kobold's attack.
You hit the kobold.
You kill the kobold!
Grinder gestures at you. You resist with significant effort.
Grinder blinks!
You see here a +0 dagger.
Grinder hits you. Grinder hits you but does no damage.
Grinder says, "Are you a fish?" Grinder hits you but does no damage.
You hit Grinder. You headbutt Grinder!
Grinder is heavily wounded.
You block Grinder's attack. Grinder hits you but does no damage.
Grinder hits you but does no damage. Grinder hits you but does no damage.
Grinder hits you.
You writhe in agony.
You hit Grinder but do no damage. You headbutt Grinder.
Grinder is heavily wounded.
Grinder hits you.
You writhe in agony.
You block Grinder's attack.
You hit Grinder.
Grinder is severely wounded.
Grinder hits you but does no damage.
You hit Grinder but do no damage.
Grinder is severely wounded.
Grinder gestures at you. You resist with significant effort.
Grinder hits you but does no damage.
You hit Grinder.
Grinder is severely wounded.
Grinder hits you.
You writhe in agony.
* * * LOW HITPOINT WARNING * * *
You hit Grinder. Your headbutt misses Grinder.
Grinder is severely wounded.
Grinder hits you!
You die...

#............###########.#.
#.................... ..#.
#.............####### ..
#.............# ...
#####....##'#.# #....##.#.#
#....##.#.# #########'#+##
#.......@.!..#
#.......5....#
#........)...#
#................#
#.............####
..............#
................
#............####
.............+


You could see Grinder.

Vanquished Creatures
  A gnoll (D:3)
  3 adders
  3 worms
  4 bats
  4 endoplasms
  A giant cockroach (D:2)
  4 goblins
  3 hobgoblins
  3 jackals (D:2)
  2 quokkas (D:2)
  4 ball pythons
  2 frilled lizards
  10 kobolds
  5 rats
49 creatures vanquished.

Notes
Turn   | Place    | Note
-------+----------+-------------------------------------------
     0 | D:1      | lonewolfV2 the Minotaur Fighter began the quest for the
                  | Orb.
     0 | D:1      | Reached XP level 1. HP: 19/19 MP: 0/0
   212 | D:1      | Reached XP level 2. HP: 27/27 MP: 1/1
   213 | D:1      | Found a faded altar of an unknown god.
   861 | D:2      | You fall into a shaft and drop 1 floor!
  1105 | D:3      | Reached XP level 3. HP: 33/33 MP: 2/2
  1390 | D:2      | Reached XP level 4. HP: 41/41 MP: 3/3
  1614 | D:2      | You fall into a shaft and drop 2 floors!
  1888 | D:3      | Noticed Grinder
  1890 | D:3      | Paralysed by Grinder for 5 turns
  1910 | D:3      | Slain by Grinder

Illustrated notes

Levels and vault maps discovered:
D:1:      nagdon_arrival_zigzag_paths, layout_basic,
          shapermc_ecumenical_altar_venn
D:2:      layout_rooms, grunt_decor_resistance
D:3:      layout_basic, uniq_grinder
D:4:      layout_rooms, minmay_misc_feat_diagonals, corexii_checkpoint_b,
          uniq_robin

Skill      XL: |  1  2  3 |
---------------+----------+-----
Fighting       | 4 |  4.5
Armour         | 4 |  4.3
Shields        | 4 |  4.3
Axes           | 3 |  3.5
Dodging        | |  0.4

Action                   |  1- 3 |  4- 6 || total
-------------------------+-------+-------++-------
Melee: War axe           |    82 |    24 ||   106
       Headbutt          |     9 |     4 ||    13
Armor: Scale mail        |    47 |    27 ||    74
Dodge: Dodged            |    28 |     1 ||    29
Block: Kite shield       |    64 |    10 ||    74
